 Dungeon Crawl Stone Soup version 0.17.0-26-gececa24 (webtiles) character file.

5560 Ijustatesigmund the Umbral (level 10, -4/70 HPs)
             Began as a Demonspawn Wizard on Nov 19, 2015.
             Was an Elder of Dithmenos.
             Slain by an orc warrior
             ... wielding a +2 dire flail of draining
              (25 damage)
             ... on level 9 of the Dungeon on Nov 20, 2015.
             The game lasted 01:15:21 (12463 turns).

Ijustatesigmund the Umbral (Demonspawn Wizard)     Turns: 12463, Time: 01:15:22

Health: -4/70      AC:  8    Str:  8    XL:     10   Next: 44%
Magic:  8/25       EV: 10    Int: 22    God:    Dithmenos [****..]
Gold:   931        SH:  0    Dex: 12    Spells: 6 memorised, 3 levels left

rFire  . . .     SeeInvis +     H - +15 heavy crossbow "Sniper" {velocity, SInv}
rCold  . . .     Clarity  .     N - +0 robe {MR+}
rNeg   . . .     SustAt   .     (shield currently unavailable)
rPois  +         Gourm    .     b - +0 hat
rElec  .         Spirit   .     (no cloak)
rCorr  .         Warding  .     C - +0 pair of gloves
rMut   .         Stasis   .     g - +1 pair of boots
MR     +....                    (no amulet)
Stlth  ++++......               u - ring of poison resistance
                                j - ring of magical power

@: wreathed by umbra, drained, somewhat resistant to hostile enchantments,
stealthy
A: antennae 2, icy blue scales 2
a: Shadow Step, Renounce Religion


You were on level 9 of the Dungeon.
You worshipped Dithmenos.
Dithmenos was greatly pleased with you.
You were not hungry.

You visited 1 branch of the dungeon, and saw 9 of its levels.
You also visited: Sewer and Bailey.

You collected 931 gold pieces.

Inventory:

Hand Weapons
 i - a +0 rapier of venom
 B - a +1 trident of protection
 H - the +15 heavy crossbow "Sniper" (weapon) {velocity, SInv}
   (You found it on level 6 of the Dungeon)

   Any bolt fired from it inflicts extra damage.
   It lets you see invisible.
 J - a +5 blowgun
Missiles
 m - 32 bolts (quivered)
 v - 96 poisoned needles
 E - 13 tomahawks
Armour
 a - a +0 robe
 b - a +0 hat (worn)
 g - a +1 pair of boots (worn)
 C - a +0 pair of gloves (worn)
 M - a +1 buckler of protection
 N - a +0 robe of magic resistance (worn)
Jewellery
 e - a +3 ring of strength
 f - an uncursed ring of ice
 j - a ring of magical power (left hand)
 p - an uncursed ring of see invisible
 u - a ring of poison resistance (right hand)
 G - an uncursed ring of ice
 L - a +4 ring of strength
Wands
 t - a wand of enslavement (16)
 x - a wand of confusion (35)
 O - a wand of draining (6)
Scrolls
 l - a scroll of remove curse
 r - 2 scrolls of teleportation
 y - 2 scrolls of fear
 F - 3 scrolls of identify
Potions
 k - a potion of invisibility
 o - a potion of cure mutation
 q - 2 potions of mutation
 s - 3 potions of curing
 z - 2 potions of agility
 A - 3 potions of heal wounds
 I - 4 potions of brilliance
 K - 2 potions of might
Books
 c - a book of Minor Magic

   Spells                             Type                      Level
   a - Magic Dart                     Conjuration                  1
   b - Blink                          Translocation                2
   c - Call Imp                       Summoning                    2
   d - Repel Missiles                 Charms/Air                   2
   e - Slow                           Hexes                        2
   f - Conjure Flame                  Conjuration/Fire             3
   g - Mephitic Cloud                 Conjuration/Poison/Air       3
 h - a book of Maledictions

   Spells                             Type                      Level
   a - Corona                         Hexes                        1
   b - Ensorcelled Hibernation        Hexes/Ice                    2
   c - Confuse                        Hexes                        3
   d - Tukima's Dance                 Hexes                        3
   e - Dazzling Spray                 Conjuration/Hexes            3
 w - a book of Death

   Spells                             Type                      Level
   a - Corpse Rot                     Necromancy                   2
   b - Sublimation of Blood           Necromancy                   2
   c - Agony                          Necromancy                   5
   d - Dispel Undead                  Necromancy                   5
   e - Excruciating Wounds            Charms/Necromancy            5
   f - Bolt of Draining               Conjuration/Necromancy       5
 D - a Grand Grimoire

   Spells                             Type                      Level
   a - Monstrous Menagerie            Summoning                    6
   b - Summon Greater Demon           Summoning                    7
   c - Malign Gateway                 Summoning/Translocation      7
   d - Summon Horrible Things         Summoning                    8
Comestibles
 d - 7 bread rations
 n - 4 meat rations


   Skills:
 - Level 3.1(2.0) Fighting
 - Level 6.0(4.8) Crossbows
 - Level 3.1(2.0) Throwing
 - Level 2.1(1.0) Dodging
 + Level 5.6(4.5) Stealth
 - Level 3.6(2.5) Spellcasting
 - Level 6.1(4.9) Conjurations
 - Level 4.2(3.1) Hexes
   Level 1.0(0.0) Summonings
 - Level 3.3(2.3) Translocations
 + Level 0.8(0.0) Ice Magic
 - Level 3.1(2.0) Air Magic
 - Level 3.0(1.9) Poison Magic
 + Level 8.2(6.9) Invocations


You had 3 spell levels left.
You knew the following spells:

 Your Spells              Type           Power        Failure   Level  Hunger
a - Magic Dart            Conj           ###.         1%          1    None
b - Blink                 Tloc           N/A          10%         2    ##.....
c - Repel Missiles        Chrm/Air       #.....       14%         2    ##.....
d - Mephitic Cloud        Conj/Pois/Air  ###.....     12%         3    ###....
e - Dazzling Spray        Conj/Hex       ###.....     10%         3    ###....
f - Ensorcelled Hibernat  Hex/Ice        #.....       12%         2    ##.....


Dungeon Overview and Level Annotations

Branches:
Dungeon (9/15)             Temple (0/1) D:4
   Lair: D:8-11         Orc: D:9-12

Altars:
Ashenzari
Cheibriados
Dithmenos
Elyvilon
Fedhas
Kikubaaqudgha
Nemelex Xobeh
Okawaru
Qazlal
Ru
Trog
Xom
Yredelemnul
The Shining One
Jiyva


Innate Abilities, Weirdness & Mutations

You have a pair of antennae on your head.
You are mostly covered in icy blue scales (AC +3, EV -1).


Message History

Press: ? - help, Shift-Dir - straight line, f/p - orc warrior
Aim: an orc warrior, wielding a dire flail of draining and wearing a chain mail (severely wounded, umbra)
The magic dart hits the orc warrior.
The orc warrior is severely wounded.
The orc warrior hits you with a dire flail of draining!
You feel drained.
* * * LOW HITPOINT WARNING * * *
An orc warrior comes into view.
It is wielding a morningstar of crushing.
Casting: Magic Dart
Confirm with . or Enter, or press ? or * to list all spells.
You blink.
You are too injured to fight recklessly!
Firing (i - inventory. (,) - cycle):
m - 33 bolts (quivered)
Press: ? - help, Shift-Dir - straight line, f/p - orc warrior
Aim: an orc warrior, wielding a dire flail of draining and wearing a chain mail (severely wounded, umbra)
You shoot a bolt.
The bolt hits the orc warrior but does no damage.
The orc warrior is severely wounded.
The orc warrior hits you with a dire flail of draining!!
You die...

#......... #.8≈≈≈≈≈≈
#.≈8≈≈≈≈≈
#.≈≈.'##############
#######.≈≈.#.............)
.......[≈≈##.......).....o
######....)...)...(..8.... #
#..≈≈##.....o.o..)... #
#..≈≈.#....@......... #
#..≈≈.'#####################
# #..≈8≈≈≈≈ ≈≈≈≈≈≈≈≈≈≈≈≈≈≈≈
# ##.8≈≈≈≈≈≈ ≈≈≈≈≈≈≈≈≈≈≈≈≈
#######.........
............
##...#####...###
######.###.# ##...#
........<..# .#...#
.########.## ##...#####
.........#


You could see an orc warrior and an orc.

Vanquished Creatures
  An orc knight (Bailey)
  A spriggan (D:7)
  2 wyverns
  2 hippogriffs
  Edmund (D:6)
  2 sky beasts
  8 orc warriors
  A black bear (D:6)
  2 phantoms
  5 ogres
  3 centaurs
  6 big kobolds
  5 giant frogs
  3 scorpions
  An electric eel (D:9)
  4 crimson imps
  2 centaur zombies
  A quasit (D:8)
  A gnoll shaman (D:5)
  6 jellies
  7 worker ants
  4 orc priests
  2 hounds
  7 orc wizards
  2 iguanas
  3 hound zombies
  A hound skeleton (D:4)
  15 gnolls
  12 adders
  7 oozes
  An adder skeleton (D:9)
  7 worms
  2 giant geckos
  66 orcs
  10 bats
  13 goblins
  10 hobgoblins
  3 jackals (D:4)
  4 quokkas
  3 ball pythons
  6 giant cockroaches
  A giant gecko skeleton (D:7)
  5 giant newts
  38 kobolds
  2 quokka skeletons
  10 rats
  A plant (Sewer)
299 creatures vanquished.

Vanquished Creatures (others)
  A toadstool (D:4)
1 creature vanquished.

Grand Total: 300 creatures vanquished

Notes
Turn   | Place    | Note
--------------------------------------------------------------
     0 | D:1      | Ijustatesigmund the Demonspawn Wizard began the quest for the Orb.
     0 | D:1      | Reached XP level 1. HP: 13/13 MP: 4/4
   244 | D:1      | Gained mutation: You have a pair of small antennae on your head. [demonic ancestry]
   244 | D:1      | Reached XP level 2. HP: 19/19 MP: 1/6
   295 | D:1      | Learned a level 2 spell: Blink
   298 | D:1      | Learned a level 2 spell: Repel Missiles
   541 | D:1      | Reached skill level 1 in Fighting
   986 | D:2      | Reached XP level 3. HP: 26/26 MP: 1/7
  1341 | D:2      | Found a sparkling altar of Nemelex Xobeh.
  1348 | D:2      | Found a shattered altar of Ashenzari.
  1349 | D:2      | Found a snail-covered altar of Cheibriados.
  1416 | D:2      | Found a blossoming altar of Fedhas.
  1418 | D:2      | Found a stormy altar of Qazlal.
  1418 | D:2      | Found an ancient bone altar of Kikubaaqudgha.
  1836 | D:2      | Gained mutation: You are partially covered in icy blue scales (AC +1). [demonic ancestry]
  1836 | D:2      | Reached XP level 4. HP: 33/33 MP: 3/8
  1859 | D:2      | Found a shadowy altar of Dithmenos.
  1867 | D:2      | Became a worshipper of Dithmenos the Shadowed
  1872 | D:2      | Learned a level 3 spell: Mephitic Cloud
  1881 | D:2      | Found a shadowy altar of Dithmenos.
  1881 | D:2      | Found a sacrificial altar of Ru.
  1881 | D:2      | Found a basalt altar of Yredelemnul.
  1881 | D:2      | Found a bloodstained altar of Trog.
  1888 | D:2      | Found an iron altar of Okawaru.
  1888 | D:2      | Found a white marble altar of Elyvilon.
  2072 | D:3      | Reached skill level 1 in Translocations
  2138 | D:3      | Reached skill level 1 in Invocations
  2962 | D:4      | Reached XP level 5. HP: 27/38 MP: 2/9
  2969 | D:4      | Reached * piety under Dithmenos
  3127 | D:4      | Noticed an ogre
  3139 | D:4      | Killed an ogre
  3139 | D:4      | Reached skill level 1 in Air Magic
  3139 | D:4      | Reached skill level 1 in Poison Magic
  3206 | D:4      | Noticed an ogre
  3219 | D:4      | Killed an ogre
  3219 | D:4      | Gained mutation: You have a pair of antennae on your head. [demonic ancestry]
  3219 | D:4      | Reached XP level 6. HP: 44/44 MP: 3/10
  3826 | D:4      | Reached skill level 1 in Throwing
  3848 | D:4      | Noticed a wyvern
  3906 | D:4      | Killed a wyvern
  3906 | D:4      | Reached skill level 4 in Conjurations
  3906 | D:4      | Gained mutation: You are mostly covered in icy blue scales (AC +3, EV -1). [demonic ancestry]
  3906 | D:4      | Reached XP level 7. HP: 48/50 MP: 6/11
  3939 | D:4      | Found a staircase to the Ecumenical Temple.
  4305 | D:4      | Found a viscous altar of Jiyva.
  4740 | D:4      | Found a glowing golden altar of the Shining One.
  4970 | D:5      | Entered Level 5 of the Dungeon
  5517 | D:5      | Reached ** piety under Dithmenos
  6097 | D:5      | Reached XP level 8. HP: 56/56 MP: 2/12
  6244 | D:5      | Reached skill level 5 in Invocations
  6997 | D:6      | Found a glowing drain.
  7002 | Sewer    | Entered a sewer
  7165 | Sewer    | Reached skill level 5 in Conjurations
  7182 | Sewer    | Reached *** piety under Dithmenos
  7182 | Sewer    | Reached skill level 6 in Invocations
  7871 | D:6      | Reached skill level 1 in Crossbows
  7880 | D:6      | Reached XP level 9. HP: 61/61 MP: 5/13
  8511 | D:6      | Learned a level 3 spell: Dazzling Spray
  8569 | D:6      | Noticed Edmund
  8577 | D:6      | Killed Edmund
  8577 | D:6      | Reached skill level 1 in Hexes
  8644 | D:6      | Found a shimmering altar of Xom.
  9415 | D:7      | Found a flagged portal.
  9429 | Bailey   | Entered a bailey
  9451 | Bailey   | Reached **** piety under Dithmenos
  9583 | Bailey   | Noticed an orc knight
  9584 | Bailey   | Killed an orc knight
  9584 | Bailey   | Reached skill level 5 in Crossbows
  9732 | Bailey   | Learned a level 2 spell: Ensorcelled Hibernation
 10228 | D:7      | Reached skill level 7 in Invocations
 10503 | D:7      | Reached XP level 10. HP: 27/68 MP: 8/15
 11161 | D:8      | Found a stormy altar of Qazlal.
 11447 | D:8      | Reached skill level 5 in Stealth
 11884 | D:9      | Reached skill level 8 in Invocations
 12463 | D:9      | Slain by an orc warrior

Action                   |  1- 3 |  4- 6 |  7- 9 | 10-12 || total
-------------------------+-------+-------+-------+-------++-------
Melee: Spear             |    34 |    58 |     2 |       ||    94
       Trident           |       |       |   197 |       ||   197
 Fire: Blowgun           |       |    46 |   104 |       ||   150
       Heavy crossbow    |       |       |    69 |    41 ||   110
Throw: Tomahawk          |       |     3 |    16 |       ||    19
 Cast: Magic Dart        |    74 |    89 |   240 |    98 ||   501
       Repel Missiles    |     1 |       |       |       ||     1
       Mephitic Cloud    |       |     6 |    26 |    12 ||    44
       Blink             |       |     1 |    10 |     1 ||    12
       Dazzling Spray    |       |       |     4 |     1 ||     5
  Use: Scroll            |     5 |     7 |    11 |     5 ||    28
       Potion            |       |       |     5 |       ||     5
 Stab: Sleeping          |     2 |     3 |     8 |       ||    13
       Confused          |       |     3 |     6 |       ||     9
  Eat: Chunk             |     3 |     6 |    10 |     3 ||    22
       Bread ration      |       |       |     2 |     1 ||     3
       Fruit             |       |       |     7 |       ||     7
       Beef jerky        |       |       |     1 |       ||     1
